 Dungeon Crawl Stone Soup version 0.30.2 (webtiles) character file.

Game seed: 15703016482959289907

4641 Ashen the Ogre Mage (level 10, -5/98 HPs)
             Began as an Ogre Ice Elementalist on Jan 19, 2024.
             Was an Initiate of Vehumet.
             Slain by a white ugly thing (34 damage)
             ... on level 8 of the Dungeon.
             The game lasted 00:28:01 (9382 turns).

Ashen the Ogre Mage (Ogre Ice Elementalist)         Turns: 9382, Time: 00:28:02

Health: -5/98      AC: 15    Str: 14    XL:     10   Next: 43%
Magic:  9/22       EV: 10    Int: 20    God:    Vehumet [......]
Gold:   555        SH:  0    Dex:  9    Spells: 6/25 levels left

rFire   . . .        n - +2 giant spiked club
rCold   . . .        (shield currently unavailable)
rNeg    . . .        p - +2 robe {Will+}
rPois   .            (helmet restricted)
rElec   .            v - +1 cloak
rCorr   .            (gloves unavailable)
SInv    .            (boots unavailable)
Will    ++...        (no amulet)
Stlth   ++           (no ring)
HPRegen 0.36/turn    (no ring)
MPRegen 0.18/turn

%: no passive effects
@: ice-armoured
A: large, unfitting armour, tough skin 1
a: Renounce Religion


You were on level 8 of the Dungeon.
You worshipped Vehumet.
Vehumet was noncommittal.
You visited 2 branches of the dungeon, and saw 9 of its levels.

You collected 555 gold pieces.

Inventory:

Hand Weapons
 n - a +2 giant spiked club (weapon)
 q - a +2 whip of flaming
 y - a +1 dagger of venom
Armour
 p - a +2 robe of willpower (worn)
 v - a +1 cloak (worn)
Jewellery
 A - a +6 ring of strength
Wands
 a - a wand of charming (20)
 o - a wand of digging (1)
Scrolls
 d - a scroll of acquirement {unknown}
 e - 2 scrolls of fear {unknown}
 l - 5 scrolls of immolation
 m - a scroll of silence {unknown}
 r - 2 scrolls of poison {unknown}
 s - 2 scrolls of amnesia {unknown}
 t - 2 scrolls of enchant armour
 u - 3 scrolls of teleportation {unknown}
 w - 2 scrolls of noise
Potions
 b - 2 potions of magic
 c - 2 potions of mutation
 f - 3 potions of haste
 g - 4 potions of brilliance
 h - a potion of ambrosia
 i - a potion of attraction
 j - 4 potions of lignification
 z - 2 potions of curing


   Skills:
 + Level 6.1 Fighting
 + Level 3.8 Maces & Flails
 + Level 5.0 Dodging
 - Level 3.0 Stealth
 * Level 8.1 Spellcasting
 * Level 2.2 Conjurations
 - Level 3.0 Translocations
 * Level 7.5 Ice Magic
 * Level 4.0 Air Magic


You had 6 spell levels left.
You knew the following spells:

 Your Spells              Type           Power      Damage    Failure   Level
a - Freeze                Ice            100%       1d10      1%          1
b - Frozen Ramparts       Ice            76%        1d12      1%          3
c - Ozocubu's Armour      Ice            38%        N/A       1%          3
d - Summon Ice Beast      Ice/Summ       23%        N/A       19%         4
e - Vhi's Electric Charg  Tloc/Air       44%        N/A       6%          3
f - Arcjolt               Conj/Air       10%        1d20      54%         5

Your spell library contained the following spells:

 Spells                   Type           Power      Damage    Failure   Level
 Maxwell's Capacitive Co  Air            12%        ∞         100%        8


Dungeon Overview and Level Annotations

Branches:
Dungeon (8/15)             Temple (1/1) D:5            Lair (0/5) D:8

Altars:
Cheibriados
Dithmenos
Elyvilon
Fedhas
Hepliaklqana
Kikubaaqudgha
Makhleb
Nemelex Xobeh
Okawaru
Qazlal
Ru
Sif Muna
Trog
Vehumet
Wu Jian
Zin
The Shining One

Annotations:
D:5 Edmund


Innate Abilities, Weirdness & Mutations

You are too large for most types of armour.
You have tough skin. (AC +1)


Message History

Aim: a red ugly thing (heavily wounded)
You freeze the red ugly thing!
The red ugly thing is severely wounded.
Your icy armour evaporates.
The wall freezes the red ugly thing!
The red ugly thing basks in your mutagenic energy and changes!
Casting: Freeze (safe; 1% risk of failure)
Confirm with . or Enter, or press ? or * to list all spells.
Aiming: Freeze (safe; 1% risk of failure)
Press: ? - help, Shift-Dir - straight line, f/p - white ugly thing
Aim: a white ugly thing (severely wounded)
You freeze the white ugly thing.
The white ugly thing resists.
The white ugly thing is severely wounded.
Your magical contamination has completely faded away.
Unknown command.
Press: ? - help, v - describe, . - travel
Here: a white ugly thing (severely wounded)
The floor.
You barely miss the white ugly thing.
The white ugly thing is severely wounded.
The frozen ramparts melt away.
The white ugly thing headbutts you but does no damage.
You barely miss the white ugly thing.
The white ugly thing is severely wounded.
The white ugly thing barely misses you.
The white ugly thing completely misses you.
Casting: Freeze (safe; 1% risk of failure)
Confirm with . or Enter, or press ? or * to list all spells.
A film of ice covers your body!
The white ugly thing headbutts you but does no damage.
You completely miss the white ugly thing.
The white ugly thing is severely wounded.
The white ugly thing closely misses you.
You puncture the white ugly thing!
The white ugly thing is almost dead.
The white ugly thing headbutts you. The white ugly thing freezes you!!
The white ugly thing headbutts you.
* * * LOW HITPOINT WARNING * * *
The white ugly thing freezes you!!
You die...

#..#####.# #.#########..
##.......# ##............
####...#.#######...#######...
#..###...#...##.....# #.##
#.#..###.....###...# #####.##
#.#.#..###......#..# #....... .
###.#.#.#.[###(...#..###.###.##
o) .#.#.#.#.#..u##.............#
..o#..#.#.#..###@...#.##########
..y...#.#..###...##<#.#
#.o.#..###...####.#.##
#W?###.............#
########...######.###..#
.#..##...########.# #..# ###
#...#..........##.###..######.##
.#.##.#..#####.##.##...........#
#..#..##.#####.........######.##


You could see a white ugly thing.

Vanquished Creatures
  Pikel (D:4)
  A manticore (D:8)
  A hornet (D:7)
  6 yaks (D:8)
  A wraith (D:8)
  Menkaure (D:7)
  A water moccasin (D:5)
  Duvessa (D:4)
  An orc warrior (D:8)
  2 sky beasts (D:7)
  3 ogres
  2 centaurs
  A phantom (D:6)
  4 lemures
  2 kobold brigands
  5 scorpions
  Dowan (D:4)
  A killer bee (D:8)
  4 howler monkeys (D:7)
  A jelly (D:4)
  2 hounds
  3 orc priests
  3 iguanas
  9 orc wizards
  A mummy (D:6)
  Robin (D:4)
  13 adders
  A shadow imp (D:7)
  An ufetubus (D:7)
  A worm (D:2)
  2 dart slugs
  26 orcs
  4 bats
  4 endoplasms
  5 giant cockroaches
  18 goblins
  8 hobgoblins
  2 jackals (D:2)
  6 kobolds
  5 quokkas
  12 ball pythons
  3 frilled lizards
  4 rats
174 creatures vanquished.

Vanquished Creatures (others)
  An orc wizard (D:7)
1 creature vanquished.

Grand Total: 175 creatures vanquished

Notes
Turn   | Place    | Note
-------+----------+-------------------------------------------
     0 | D:1      | Ashen the Ogre Ice Elementalist began the quest for the
                  | Orb.
     0 | D:1      | Reached XP level 1. HP: 16/16 MP: 3/3
   187 | D:1      | Reached XP level 2. HP: 22/24 MP: 1/5
   975 | D:2      | Reached XP level 3. HP: 28/31 MP: 5/7
  1227 | D:2      | Reached skill level 3 in Spellcasting
  1462 | D:2      | Found a faded altar of an unknown god.
  2207 | D:3      | Reached skill level 1 in Fighting
  2207 | D:3      | Reached XP level 4. HP: 41/41 MP: 4/8
  2699 | D:3      | Reached XP level 5. HP: 46/48 MP: 8/10
  3445 | D:4      | Reached skill level 4 in Spellcasting
  3454 | D:4      | Learned a level 3 spell: Frozen Ramparts
  3458 | D:4      | Learned a level 3 spell: Ozocubu's Armour
  3463 | D:4      | Learned a level 4 spell: Summon Ice Beast
  3635 | D:4      | Noticed Robin
  3673 | D:4      | Killed Robin
  3674 | D:4      | Reached XP level 6. HP: 32/57 MP: 5/12
  4140 | D:4      | Noticed Pikel
  4269 | D:4      | Noticed Duvessa
  4269 | D:4      | Noticed Dowan
  4291 | D:4      | Killed Duvessa
  4422 | D:4      | Killed Dowan
  4783 | D:3      | Reached XP level 7. HP: 63/66 MP: 10/13
  4853 | D:4      | Killed Pikel
  4854 | D:4      | Reached skill level 1 in Maces & Flails
  4854 | D:4      | Reached skill level 5 in Spellcasting
  4854 | D:4      | Reached skill level 5 in Ice Magic
  4854 | D:4      | Reached XP level 8. HP: 78/78 MP: 3/16
  5109 | D:5      | Entered Level 5 of the Dungeon
  5128 | D:5      | Found a staircase to the Ecumenical Temple.
  5146 | Temple   | Entered the Ecumenical Temple
  5521 | D:5      | Reached skill level 6 in Spellcasting
  6063 | D:5      | Noticed Edmund
  6081 | D:5      | Learned a level 3 spell: Vhi's Electric Charge
  6552 | D:6      | Reached XP level 9. HP: 63/87 MP: 12/18
  6571 | D:6      | Reached skill level 1 in Air Magic
  6729 | D:6      | Reached skill level 1 in Translocations
  7011 | D:6      | Found a snail-covered altar of Cheibriados.
  7227 | D:7      | Noticed Menkaure
  7237 | D:7      | Killed Menkaure
  7238 | D:7      | Reached skill level 5 in Fighting
  7593 | D:7      | Found a faded altar of an unknown god.
  7599 | D:7      | Reached skill level 7 in Spellcasting
  7672 | D:7      | Noticed a hornet
  7957 | D:7      | Found an iron altar of Okawaru.
  8008 | D:7      | Killed a hornet
  8236 | D:7      | Found a radiant altar of Vehumet.
  8323 | D:7      | Became a worshipper of Vehumet
  8497 | D:8      | Noticed a manticore
  8497 | D:8      | Noticed a red ugly thing
  8673 | D:8      | Learned a level 5 spell: Arcjolt
  8849 | D:8      | Reached XP level 10. HP: 69/98 MP: 15/21
  8853 | D:8      | Reached skill level 1 in Conjurations
  8991 | D:8      | Found a staircase to the Lair.
  9085 | D:8      | Found an ornate altar of the Wu Jian Council.
  9181 | D:8      | Killed a manticore
  9182 | D:8      | Reached skill level 5 in Dodging
  9182 | D:8      | Reached skill level 8 in Spellcasting
  9382 | D:8      | Slain by a white ugly thing

Illustrated notes

Levels and vault maps discovered:
D:1:      pf_arrival_petrified_forest, layout_loops_cross,
          corexii_hall_statues_t
D:2:      layout_loops_corners, basic_ecumenical_altar
D:3:      layout_basic, minmay_snake_closets
D:4:      layout_basic, minmay_misc_feat_diagonals, uniq_robin, uniq_pikel,
          uniq_duvessa
D:5:      kennysheep_spiral_hall, layout_gridville,
          minmay_temple_entry_drinking_statues, uniq_edmund
D:6:      layout_rooms, chei_slow_surprise
D:7:      layout_cave_pools, mainiacjoe_overflow_large_starburst,
          serial_column_ruins, column_ruins_temple_hall,
          column_ruins_columns_water, column_ruins_grid_3, column_ruins_grid_1,
          uniq_menkaure
D:8:      minmay_the_grid_four_pointed_star
          [minmay_the_grid_triangle_9x9_zippers_vertical,
          minmay_the_grid_triangle_9x9_longest,
          minmay_the_grid_triangle_9x9_skeleton,
          minmay_the_grid_triangle_9x9_flanged_cone,
          minmay_the_grid_prize_big_room], layout_loops_corners,
          nzn_wu_jian_contemplation, minmay_pinched_square
Temple:   cyrus_circular_temple

Skill      XL: |  1  2  3  4  5  6  7  8  9 10 |
---------------+-------------------------------+-----
Dodging        | 2 3 4 5 |  5.0
Spellcasting   | 3 4 5 6 7 8 |  8.1
Fighting       | 1 2 3 4 5 6 |  6.1
Ice Magic      | 4 5 6 7 |  7.5
Stealth        | 2 3 |  3.0
Maces & Flails | 1 2 3 |  3.8
Air Magic      | 3 4 |  4.0
Translocations | 3 |  3.0
Conjurations   | 2 |  2.2

Action                     |  1- 3 |  4- 6 |  7- 9 | 10-12 || total
---------------------------+-------+-------+-------+-------++-------
  Melee: Unarmed           |     8 |       |       |       ||     8
         Club              |     3 |       |       |       ||     3
         Mace              |     1 |    38 |       |       ||    39
         Whip              |       |       |   100 |       ||   100
         Giant spiked club |       |       |    13 |    27 ||    40
   Cast: Freeze            |    58 |    92 |    84 |     4 ||   238
         Frozen Ramparts   |       |     7 |    20 |     3 ||    30
         Ozocubu's Armour  |       |     4 |    13 |     4 ||    21
         Vhi's Electric Ch |       |       |     3 |     1 ||     4
         Summon Ice Beast  |       |       |     1 |       ||     1
    Use: Scroll            |       |       |     6 |     7 ||    13
         Potion            |       |       |     1 |       ||     1
   Stab: Sleeping          |     2 |     2 |     3 |       ||     7
         Distracted        |       |     1 |       |       ||     1
 Armour: Robe              |    23 |    35 |    66 |    22 ||   146
  Dodge: Dodged            |    21 |    72 |    92 |    12 ||   197
